 Dungeon Crawl Stone Soup version 0.23.0-3-gf3c87f2 (webtiles) character file.

Game seed: 15133186306226476821

7601 poirepourri the Severer (level 10, -5/95 HPs)
             Began as a Minotaur Fighter on Feb 22, 2019.
             Was a High Priest of Okawaru.
             Slain by a tentacled starspawn (24 damage)
             ... on level 3 of the Abyss.
             The game lasted 00:11:08 (10593 turns).

poirepourri the Severer (Minotaur Fighter)         Turns: 10593, Time: 00:11:09

Health: -5/95      AC: 10    Str: 23    XL:     10   Next: 97%
Magic:  18/18      EV:  7    Int:  9    God:    Okawaru [*****.]
Gold:   152        SH: 11    Dex: 13    Spells: 9/9 levels left

rFire    . . .     SeeInvis .   a - +3 hand axe
rCold    . . .     Gourm    +   c - +1 shield
rNeg     . . .     Faith    .   s - +0 scale mail
rPois    .         Spirit   .   (helmet restricted)
rElec    +         Reflect  .   p - +2 cloak
rCorr    +         Harm     .   (no gloves)
MR       .....                  (no boots)
Stlth    +.........             C - amulet "Xodiblos" {Gourm rElec MP+9 Int+4 Stlth+}
HPRegen  0.25/turn              g - +2 ring of strength
MPRegen  0.16/turn              i - ring of resist corrosion

@: no status effects
A: retaliatory headbutt, horns 2
a: Heroism, Finesse, Renounce Religion


You were on level 3 of the Abyss.
You worshipped Okawaru.
Okawaru was extremely pleased with you.
You were not hungry.

You visited 2 branches of the dungeon, and saw 11 of its levels.
You visited the Abyss 1 time.
You also visited: Sewer.

You collected 702 gold pieces.
You spent 550 gold pieces at shops.

Inventory:

Hand Weapons
 a - a +3 hand axe (weapon)
 b - a +0 flail of protection
 w - a +0 hand crossbow
Missiles
 d - 2 throwing nets
 A - 48 bolts
 G - 7 javelins (quivered)
Armour
 c - a +1 shield (worn)
 p - a +2 cloak (worn)
 s - a +0 scale mail (worn)
Jewellery
 g - a +2 ring of strength (left hand)
 i - a ring of resist corrosion (right hand)
 r - an uncursed ring of fire
 u - an uncursed ring of fire
 C - the amulet "Xodiblos" (around neck) {Gourm rElec MP+9 Int+4 Stlth+}
   (You bought it in a shop on level 9 of the Dungeon)

   [amulet of the gourmand]

   It allows you to eat raw meat even when not hungry.
   It affects your intelligence (+4).
   It insulates you from electricity.
   It affects your magic capacity (+9).
   It makes you more stealthy.
 H - an uncursed ring of ice
Wands
 q - a wand of random effects (28)
 B - a wand of disintegration (7)
 F - a wand of digging (4)
 J - a wand of paralysis (7)
 K - a wand of polymorph (9)
Scrolls
 j - 3 scrolls of blinking
 k - 7 scrolls of remove curse
 m - a scroll of teleportation
Potions
 h - 2 potions of flight
 l - 2 potions of haste
 n - 2 potions of invisibility
 o - 3 potions of resistance
 t - 2 potions of cancellation
 v - a potion of curing
 I - a potion of brilliance {unknown}
Miscellaneous
 y - a lightning rod (4/4)
Comestibles
 f - 22 rations


   Skills:
 + Level 11.1 Fighting
 - Level 16.2 Axes
 - Level 3.6 Armour
 - Level 3.6 Shields


You had 9 spell levels left.
You didn't know any spells.
Your spell library contained the following spells:

 Spells                   Type           Power        Failure   Level  Hunger
 Beastly Appendage        Tmut           #.....       99%         1    ##.....
 Freeze                   Ice            #...         99%         1    ##.....
 Magic Dart               Conj           #...         99%         1    ##.....
 Sting                    Conj/Pois      #...         99%         1    ##.....
 Summon Small Mammal      Summ           #...         99%         1    ##.....
 Blink                    Tloc           N/A          100%        2    ###....
 Call Imp                 Summ           #.......     100%        2    ###....
 Poisonous Vapours        Pois/Air       #.....       100%        2    ###....
 Slow                     Hex            #.......     100%        2    ###....
 Sticks to Snakes         Tmut           #.......     100%        2    ###....
 Throw Frost              Conj/Ice       #.....       100%        2    ###....
 Call Canine Familiar     Summ           #.......     100%        3    ####...
 Conjure Flame            Conj/Fire      #.......     100%        3    ####...
 Mephitic Cloud           Conj/Pois/Air  #.......     100%        3    ####...
 Ozocubu's Armour         Chrm/Ice       #.......     100%        3    ####...
 Spider Form              Tmut/Pois      #.........   100%        3    ####...
 Summon Guardian Golem    Hex/Summ       #.......     100%        3    ####...
 Ice Form                 Ice/Tmut       #.......     100%        4    #####..
 Olgreb's Toxic Radiance  Pois           #.......     100%        4    #####..
 Summon Ice Beast         Ice/Summ       #.......     100%        4    #####..
 Summon Lightning Spire   Summ/Air       #.......     100%        4    #####..
 Throw Icicle             Conj/Ice       #.......     100%        4    #####..
 Blade Hands              Tmut           #.........   100%        5    ######.
 Venom Bolt               Conj/Pois      #.........   100%        5    ######.


Dungeon Overview and Level Annotations

Branches:
Dungeon (10/15)            Temple (1/1) D:5
   Lair: D:8-11         Orc: D:9-12

Altars:
Ashenzari
Cheibriados
Dithmenos
Elyvilon
Fedhas
Gozag
Hepliaklqana
Kikubaaqudgha
Makhleb
Nemelex Xobeh
Okawaru
Qazlal
Ru
Sif Muna
Trog
Uskayaw
Vehumet
Wu Jian
Xom
Yredelemnul
Zin
The Shining One

Shops:
D:6 %   D:9 %*

Annotations:
D:8 1 runed translucent door, skk's ghost, novice TrMo
D:10 Erolcha


Innate Abilities, Weirdness & Mutations

You reflexively headbutt those who attack you in melee.
You have a pair of horns on your head.


Message History

The acid corrodes the tentacled starspawn!
The tentacled starspawn is heavily damaged.
You block the tentacled starspawn's attack. x2
Your shield prevents you from hitting the tentacled starspawn.
The tentacled starspawn is moderately damaged.
You block the tentacled starspawn's attack.
The tentacled starspawn engulfs you!
You slash the tentacled starspawn!
The tentacled starspawn is heavily damaged.
Evoke which item? (* to show all) (? for menu, Esc to quit)
Aiming: Corrosive Bolt
Press: ? - help, Shift-Dir - straight line, p - tentacled starspawn The bolt of acid misses the tentacled starspawn.
The now-empty wand crumbles to dust.
The tentacled starspawn bites you! The tentacled starspawn engulfs you!
* * * LOW HITPOINT WARNING * * *
You slash the tentacled starspawn! You headbutt the tentacled starspawn!
The tentacled starspawn is severely damaged.
The tentacled starspawn bites you!!
You die...

) # . # .#.
.# .. #. #
#.# . ..
..#.. . ## #
..#.#....#.#
.. .## ..
.##. .
.##... .# ##
# #...# .###
#.. .#@# #.
..##X#X## #.
. # ##w# .
.# .# .. #
.##. # # #
.... . #.#.
..# ... . .
##.. #. #


You could see a tentacled starspawn and a starspawn tentacle.

Vanquished Creatures
  Harold (D:7)
  A two-headed ogre (D:9)
  A tengu warrior (D:10)
  Nergalle (D:10)
  2 wyverns
  A wraith (D:10)
  A chaos spawn (Abyss:3)
  3 hungry ghosts
  2 water moccasins
  An ice beast (D:6)
  4 black bears
  2 sky beasts (D:9)
  An orc warrior (D:8)
  2 ogres
  A centaur (D:8)
  A crocodile (D:8)
  A small abomination (Abyss:3)
  9 bullfrogs
  5 scorpions
  12 killer bees
  3 wights (D:6)
  4 howler monkeys
  2 crimson imps
  3 jellies
  An orc priest (D:3)
  Crazy Yiuf (D:7)
  5 hounds
  A centaur skeleton (D:4)
  3 iguanas
  3 orc wizards
  6 worker ants
  2 hound skeletons
  A worker ant zombie (D:9)
  7 gnolls
  16 adders
  2 shadow imps
  11 oozes (Sewer)
  An adder zombie (D:7)
  4 worms
  2 dart slugs
  17 leopard geckos
  23 orcs
  14 giant cockroaches
  5 hobgoblins
  16 jackals
  13 kobolds
  4 quokkas
  7 ball pythons
  5 bats
  16 frilled lizards
  13 goblins
  A jackal zombie (D:7)
  A quokka skeleton (D:9)
  9 rats
274 creatures vanquished.

Vanquished Creatures (others)
  4 starspawn tentacles (Abyss:3)
4 creatures vanquished.

Grand Total: 278 creatures vanquished

Notes
Turn   | Place    | Note
-------+----------+-------------------------------------------
     0 | D:1      | poirepourri the Minotaur Fighter began the quest for the
                  | Orb.
     0 | D:1      | Reached XP level 1. HP: 19/19 MP: 0/0
    24 | D:1      | Reached skill level 3 in Axes
    52 | D:1      | Reached XP level 2. HP: 25/26 MP: 1/1
   125 | D:1      | Reached skill level 4 in Axes
   212 | D:1      | Reached XP level 3. HP: 15/31 MP: 2/2
   695 | D:2      | Found a white marble altar of Elyvilon.
   705 | D:2      | Reached skill level 5 in Axes
   877 | D:2      | Reached XP level 4. HP: 33/39 MP: 3/3
  1358 | D:2      | Reached skill level 6 in Axes
  1666 | D:3      | Reached XP level 5. HP: 42/45 MP: 4/4
  1741 | D:3      | Reached skill level 7 in Axes
  1981 | D:3      | Found a glowing drain.
  1993 | Sewer    | Entered a sewer
  2119 | Sewer    | Reached XP level 6. HP: 51/51 MP: 5/5
  2192 | Sewer    | Reached skill level 8 in Axes
  2794 | D:4      | Reached skill level 9 in Axes
  2918 | D:4      | Reached XP level 7. HP: 42/57 MP: 6/6
  2952 | D:4      | Found a stormy altar of Qazlal.
  3479 | D:5      | Entered Level 5 of the Dungeon
  3740 | D:5      | Found a staircase to the Ecumenical Temple.
  3759 | Temple   | Entered the Ecumenical Temple
  3991 | Temple   | Became a worshipper of Warmaster Okawaru
  4152 | D:6      | Reached skill level 10 in Axes
  4284 | D:6      | Reached skill level 11 in Axes
  4616 | D:6      | Reached * piety under Okawaru
  4616 | D:6      | Reached XP level 8. HP: 51/64 MP: 7/7
  4708 | D:6      | Found the +5 pair of quick blades "Gyre" and "Gimble"
                  | {pierce, Dex-3}
  4781 | D:6      | Found Benlora's Food Emporium.
  4788 | D:6      | Bought a ration for 60 gold pieces
  4788 | D:6      | Bought a ration for 60 gold pieces
  4794 | D:6      | Reached skill level 12 in Axes
  5450 | D:7      | Reached ** piety under Okawaru
  5450 | D:7      | Reached skill level 13 in Axes
  5478 | D:7      | Reached XP level 9. HP: 48/70 MP: 8/8
  6048 | D:7      | Reached skill level 14 in Axes
  6407 | D:7      | Noticed Harold
  6418 | D:7      | Killed Harold
  6418 | D:7      | Reached *** piety under Okawaru
  6418 | D:7      | Reached skill level 15 in Axes
  6815 | D:7      | Found a runed translucent door.
  6816 | D:7      | Noticed Crazy Yiuf
  6956 | D:7      | Killed Crazy Yiuf
  7035 | D:8      | HP: 1/70 [wyvern (7)]
  7039 | D:7      | Reached **** piety under Okawaru
  7450 | D:8      | Found a runed translucent door.
  7450 | D:8      | Noticed skk's ghost (novice TrMo)
  7514 | D:8      | Reached skill level 16 in Axes
  7761 | D:8      | Reached XP level 10. HP: 59/77 MP: 9/9
  8005 | D:8      | Found a hazy altar of Hepliaklqana.
  8006 | D:8      | Found a shimmering altar of Xom.
  8112 | D:9      | Noticed a two-headed ogre
  8897 | D:9      | Reached skill level 5 in Fighting
  8900 | D:9      | Killed a two-headed ogre
  8900 | D:9      | Reached ***** piety under Okawaru
  9237 | D:9      | Found Bunapryokhli's Assorted Antiques.
  9266 | D:9      | Bought a transparent copper amulet for 165 gold pieces
  9266 | D:9      | Bought a potion of might for 132 gold pieces
  9266 | D:9      | Bought a scroll labeled LOGOUL XUHEL for 33 gold pieces
  9486 | D:9      | Found Ofasuope's Food Emporium.
  9492 | D:9      | Bought a ration for 50 gold pieces
  9492 | D:9      | Bought a ration for 50 gold pieces
  9612 | D:9      | Identified the amulet "Xodiblos" {Gourm rElec MP+9 Int+4
                  | Stlth+} (You bought it in a shop on level 9 of the Dungeon)
  9636 | D:10     | Entered Level 10 of the Dungeon
  9660 | D:10     | Noticed Erolcha
  9661 | D:10     | Noticed Nergalle
 10054 | D:10     | Noticed a tengu warrior
 10074 | D:10     | Killed a tengu warrior
 10074 | D:10     | Reached skill level 10 in Fighting
 10280 | D:10     | Killed Nergalle
 10389 | D:10     | Cast into level 2 of the Abyss (Erolcha)
 10474 | Abyss:2  | Noticed an orange demon
 10493 | Abyss:3  | Found a corrupted altar of Lugonu.
 10557 | Abyss:3  | Noticed a tentacled starspawn
 10593 | Abyss:3  | Slain by a tentacled starspawn

Skill      XL: |  1  2  3  4  5  6  7  8  9 10 |
---------------+-------------------------------+-----
Axes           | 3 4 5 6 7 9 11 13 16 | 16.2
Fighting       | 11 | 11.1
Armour         | |  3.6
Shields        | |  3.6

Action                   |  1- 3 |  4- 6 |  7- 9 | 10-12 || total
-------------------------+-------+-------+-------+-------++-------
Melee: War axe           |   101 |   230 |   266 |    21 ||   618
       Headbutt          |    10 |    32 |    45 |    31 ||   118
       Flail             |       |       |     1 |       ||     1
       Hand axe          |       |       |       |   184 ||   184
Evoke: Wand              |       |       |     3 |     7 ||    10
  Use: Scroll            |     1 |    14 |     4 |     9 ||    28
       Potion            |       |       |     5 |     7 ||    12
  Eat: Ration            |       |     2 |     7 |     3 ||    12
Armor: Scale mail        |    49 |    91 |    70 |    63 ||   273
       Skin              |       |       |    21 |    13 ||    34
Dodge: Dodged            |    34 |    73 |    61 |    46 ||   214
Block: Shield            |    57 |   110 |   128 |   124 ||   419
